Map: Dusk Towers

Players

Eatlead

  • Race: Protoss Protoss

capac - Winner!

  • Race: Terran Terran
  • League: Gold

VOD

Have the link to the VOD?

Description

Time

  • Played on: May 7, 2016, 5:57 p.m.
  • Length: 10:12
Show
View Real Time Build Order
Export as new Build Order

Eatlead Protoss 

Build Orders: Cannon Rush 

Get SALT Encoding   

  12  0:18  Pylon  
  12  0:23  Probe (Chrono Boost)  
  13  0:33  Probe (Chrono Boost)  
  14  0:38  Forge  
  14  0:44  Probe (Chrono Boost)  
  15  0:55  Probe (Chrono Boost)  
  16  0:58  Pylon  
  16  1:05  Probe (Chrono Boost)  
  17  1:18  Photon Cannon  
  17  1:22  Probe (Chrono Boost)  
  18  1:31  Photon Cannon  
  18  1:32  Photon Cannon  
  18  1:44  Photon Cannon  
  18  1:53  Gateway  
  18  2:05  Pylon  
  18  2:25  Photon Cannon  
  18  2:28  Photon Cannon  
  18  2:30  Photon Cannon  
  17  2:50  Zealot (Chrono Boost)  
  18  3:17  Zealot (Chrono Boost)  
  20  3:40  Zealot (Chrono Boost)  
  18  4:04  Zealot (Chrono Boost), Pylon  
  20  4:28  Zealot (Chrono Boost)  
  20  4:31  Photon Cannon  
  20  4:33  Photon Cannon  
  20  4:35  Photon Cannon  
  19  4:51  Zealot (Chrono Boost)  
  17  5:15  Zealot (Chrono Boost)  
  19  5:23  Cybernetics Core  
  19  5:28  Assimilator  
  17  5:33  Assimilator  
  17  5:42  Pylon  
  15  5:50  Probe  
  16  6:02  Probe  
  17  6:11  Photon Cannon  
  17  6:13  Photon Cannon  
  17  6:14  Probe  
  17  6:15  Photon Cannon  
  17  6:17  Photon Cannon  
  18  6:18  Gateway  
  18  6:20  Gateway  
  18  6:24  Gateway  
  18  6:26  Probe  
  19  6:35  Warp Gate (Chrono Boost)  
  19  6:52  Probe  
  20  6:59  Pylon  
  20  7:08  Gateway  
  20  7:15  Pylon  
  20  7:22  Pylon  
  20  7:38  Gateway  
  20  7:40  Gateway  
  20  7:42  Twilight Council  
  20  7:48  Probe  
  21  8:00  Probe  
  23  8:12  Probe  
  23  8:20  Dark Shrine  
  23  8:42  Stalker x2  
  23  8:43  Stalker x4  
  35  9:33  Dark Templar x2  
  35  9:34  Dark Templar  
  41  10:00  Nexus  
Show
View Real Time Build Order
Export as new Build Order

capac Terran - Winner!

Build Orders:  

Get SALT Encoding   

  12  0:00  SCV  
  13  0:13  SCV  
  14  0:18  Supply Depot  
  14  0:25  SCV  
  15  0:40  SCV  
  15  0:41  Barracks  
  16  0:45  Refinery  
  16  0:53  SCV  
  17  1:05  SCV  
  18  1:18  SCV  
  19  1:30  Orbital Command  
  19  1:44  Barracks  
  19  1:45  Bunker  
  19  1:50  Supply Depot  
  19  1:51  Marine  
  20  1:58  SCV  
  21  2:05  Factory  
  21  2:19  Marine  
  22  2:24  Refinery  
  22  2:25  SCV  
  20  3:03  Marine x2  
  18  3:07  SCV  
  19  3:32  Marine x2  
  20  3:40  Factory Tech Lab  
  20  3:42  SCV  
  20  3:46  Command Center  
  21  3:54  SCV  
  21  4:07  Marine x2  
  21  4:25  Marine x2  
  21  4:42  Marine  
  22  4:57  Siege Tank  
  25  5:03  Marine x2  
  27  5:28  Barracks Tech Lab  
  27  5:48  Widow Mine  
  27  5:49  SCV  
  30  5:52  SCV  
  31  6:01  SCV  
  32  6:13  Engineering Bay  
  32  6:29  SCV x2  
  34  6:40  Siege Tank  
  34  6:46  Missile Turret, SCV  
  38  6:47  Orbital Command  
  38  6:52  Stimpack  
  38  6:54  Barracks  
  38  6:56  Supply Depot  
  38  6:57  Supply Depot  
  38  7:02  Starport  
  38  7:11  Missile Turret  
  38  7:16  SCV  
  38  7:26  Marine x2  
  38  7:28  SCV  
  41  7:40  Starport Reactor  
  41  7:42  SCV x2  
  41  7:43  Missile Turret  
  43  7:45  Barracks Reactor x2  
  43  7:54  SCV x2  
  43  7:56  Siege Tank  
  48  8:05  Missile Turret  
  48  8:09  SCV x2  
  48  8:12  Supply Depot  
  50  8:14  Supply Depot  
  50  8:16  Marine  
  51  8:25  Marine x3  
  54  8:33  Refinery, Marine  
  54  8:34  SCV x2  
  57  8:36  Marine  
  58  8:42  Medivac x2  
  58  8:46  SCV x2  
  64  8:51  Marine x2  
  64  8:52  Marine x2  
  68  8:58  SCV x2  
  68  9:02  Supply Depot  
  70  9:09  Supply Depot  
  70  9:23  Marine x3  
  70  9:24  SCV, Medivac x2  
  77  9:25  Refinery  
  77  9:30  Marine, SCV  
  80  9:38  SCV  
  81  9:43  SCV  
  81  9:44  Marine  
  81  9:45  Marine x3  
  86  9:55  Command Center  
  86  9:58  Supply Depot  
Tags
 
Add a new tag
Caveats
  • Supply blocks, unpowered buildings, or Contaminate may cause inaccurate times.
  • Supply counts are checked every 10 seconds.